 Dungeon Crawl Stone Soup version 0.28-a0-925-gd5e1996cdb (webtiles) character file.

Game seed: 9854512344230993554

132 croobank the Ducker (level 4, -1/21 HPs)
             Began as a Felid Berserker on Nov 26, 2021.
             Was a Believer of Trog.
             Slain by a gnoll (16 damage)
             ... on level 4 of the Dungeon.
             The game lasted 00:09:16 (2713 turns).

croobank the Ducker (Felid Berserker)               Turns: 2713, Time: 00:09:16

Health: -1/21      AC:  1    Str: 14    XL:     4   Next: 92%
Magic:  5/5        EV: 23    Int:  8    God:    Trog [**....]
Gold:   115        SH:  5    Dex: 15    Spells: 3/3 levels left
                                        Lives:  0   Deaths: 1

rFire   . . .      SeeInvis +     - Unarmed
rCold   . . .      Faith    .   (shield unavailable)
rNeg    . . .      Spirit   .   (armour unavailable)
rPois   .          Reflect  +   (helmet unavailable)
rElec   .          Harm     .   (cloak unavailable)
rCorr   .          Rampage  .   (gloves unavailable)
Will    .....                   (boots unavailable)
Stlth   ++........              f - amulet of reflection
HPRegen 0.07/turn               a - +4 ring of evasion
MPRegen 0.09/turn               d - ring of flight

@: on berserk cooldown, flying, slowed, slow
A: very small, claws 1, fangs 3, see invisible, speed 1, shaggy fur 1, stealthy
paws, no weapons or thrown items, no armour, multi-lived
a: Renounce Religion, Berserk, Trog's Hand


You were on level 4 of the Dungeon.
You worshipped Trog.
Trog was pleased with you.
You visited 1 branch of the dungeon, and saw 4 of its levels.

You collected 115 gold pieces.

Inventory:

Missiles
 b - 94 stones
Jewellery
 a - a +4 ring of evasion (left paw)
 d - a ring of flight (right paw)
 f - an amulet of reflection (around neck)
 j - an amulet of the acrobat
Potions
 c - a potion of attraction {unknown}
 e - a potion of ambrosia {unknown}
 h - a potion of flight {unknown}
 i - a potion of might {unknown}


   Skills:
 + Level 3.4 Fighting
 + Level 5.0 Dodging
 + Level 2.8 Stealth
 + Level 5.0 Unarmed Combat


You had 3 spell levels left.
You didn't know any spells.
Your spell library contained the following spells:

 Spells                   Type           Power      Damage    Failure   Level
 Ensorcelled Hibernation  Hex/Ice        0%         N/A       54%         2
 Spider Form              Tmut/Pois      0%         N/A       78%         3


Dungeon Overview and Level Annotations

Branches:
Dungeon (4/15)             Temple (0/1) D:4

Altars:
Yredelemnul


Innate Abilities, Weirdness & Mutations

You have sharp claws.
You have razor-sharp teeth.
You have supernaturally acute eyesight. (SInv)
You cover ground quickly. (Speed+)
You are covered in fur. (AC +1)
Your paws help you pounce on unaware monsters.
You are incapable of wielding weapons or throwing items.
You cannot wear armour.
You gain extra lives every three experience levels.


Message History

You closely miss the gnoll shaman.
The jackal barks!
The gnoll shaman barely misses you. The gnoll shaman completely misses you.
Okay, then.
The adder hisses angrily.
You claw the gnoll!
The gnoll is severely wounded.
The gnoll shaman calls upon its god to speed up the gnoll.
The gnoll seems to speed up.
The gnoll misses you.
You hear a bark!
You scratch the gnoll but do no damage.
The gnoll is severely wounded.
You block the gnoll's attack. The gnoll shaman completely misses you.
A jackal comes into view.
You block the gnoll's attack.
The gnoll shaman calls upon its god to heal the gnoll.
The gnoll is healed somewhat.
You scratch the gnoll shaman.
The gnoll shaman is lightly wounded.
The gnoll hits you with a +2 vorpal flail!
Ouch! That really hurt!
The gnoll misses you. The gnoll shaman misses you.
You feel much better. The gnoll completely misses you.
You block the gnoll shaman's attack.
The gnoll hits you with a +2 vorpal flail.
The gnoll shaman calls upon its god to heal the gnoll.
The gnoll's wounds heal themselves!
You block the adder's attack. The gnoll completely misses you.
You closely miss the gnoll. The adder barely misses you.
You block the gnoll's attack.
You scratch the gnoll.
The gnoll is lightly wounded.
The gnoll closely misses you. The adder completely misses you.
The gnoll completely misses you. The adder barely misses you.
You scratch the gnoll. Your bite misses the gnoll.
The gnoll is moderately wounded.
The gnoll barely misses you. The adder misses you.
The gnoll hits you with a +2 vorpal flail!
Ouch! That really hurt!
You die...

..# ..........#.⌠.# ..
##############.###...###..
..........>..............#
##############..⌠..>..⌠...
.# #.......)........ .#
#.....###...###. .#
#.......#.⌠.# . .#
..>.....g#h..#.... .#
##......@Sgh......# ##
#......###.#...... #######
#.#.##### #.# . #.# ## #.#
..# ##


You could see a gnoll shaman, a gnoll (fast), an adder and 2 jackals.

Vanquished Creatures
  An orc priest (D:3)
  An iguana (D:4)
  An orc wizard (D:4)
  2 gnolls (D:4)
  3 adders (D:3)
  2 worms
  3 orcs (D:3)
  4 ball pythons
  5 bats
  7 endoplasms
  2 giant cockroaches
  6 hobgoblins
  2 jackals (D:2)
  4 quokkas
  A frilled lizard (D:2)
  6 goblins
  2 kobolds (D:1)
  4 rats
56 creatures vanquished.

Notes
Turn   | Place    | Note
-------+----------+-------------------------------------------
     0 | D:1      | croobank the Felid Berserker began the quest for the Orb.
     0 | D:1      | Reached XP level 1. HP: 10/10 MP: 2/2
   199 | D:1      | Reached XP level 2. HP: 14/14 MP: 3/3
   267 | D:1      | Found a faded altar of an unknown god.
   676 | D:1      | Reached ** piety under Trog
  1134 | D:2      | Found a basalt altar of Yredelemnul.
  1192 | D:2      | Reached XP level 3. HP: 16/17 MP: 4/4
  1550 | D:3      | Reached XP level 4. HP: 21/21 MP: 5/5
  1936 | D:3      | Reached skill level 5 in Dodging
  2345 | D:4      | Killed from afar by an orc priest
  2346 | D:4      | Reached XP level 3. HP: -3/17 MP: 4/4
  2346 | D:4      | Reached XP level 4. HP: 21/21 MP: 5/5
  2684 | D:4      | Found a staircase to the Ecumenical Temple.
  2702 | D:4      | Reached skill level 5 in Unarmed Combat
  2713 | D:4      | Slain by a gnoll

Illustrated notes

Levels and vault maps discovered:
D:1:      dpeg_arrival_radiant, layout_rooms,
          shapermc_ecumenical_altar_totnotflames
D:2:      minmay_door_path, layout_basic, basic_altar
D:3:      layout_loops_cross, chequers_mini_garden, kennysheep_path_1,
          minmay_misc_feat_chi
D:4:      layout_basic, minmay_temple_entry_junction_2

Skill      XL: |  1  2  3  4 |
---------------+-------------+-----
Unarmed Combat | 4 5 |  5.0
Dodging        | 5 |  5.0
Stealth        | 2 |  2.8
Fighting       | |  3.4

Action                   |  1- 3 |  4- 6 || total
-------------------------+-------+-------++-------
Melee: Unarmed           |    82 |    80 ||   162
       Bite              |     7 |     7 ||    14
       Punch             |     2 |     1 ||     3
Invok: Berserk           |     2 |     2 ||     4
  Use: Scroll            |     1 |     2 ||     3
       Potion            |       |     1 ||     1
Armor: Skin              |     9 |       ||     9
Dodge: Dodged            |    61 |    55 ||   116
Block: Other             |     5 |    19 ||    24

Table legend: (Time is in decaauts)
 A = Elapsed time spent in this place.
 B = Non-inter-level travel time spent in this place.
 C = Inter-level travel time spent in this place.
 D = Time resting spent in this place.
 E = Time spent auto-exploring this place.
 F = Levels seen in this place.
 G = Mean time per level.
                   A        B        C        D        E       F      G
               +--------+--------+--------+--------+--------+-----+--------+
         Total |   2329 |   2283 |     46 |    146 |   1674 |   4 |  582.2 |
       Dungeon |   2329 |   2283 |     46 |    146 |   1674 |   4 |  582.2 |
               +--------+--------+--------+--------+--------+-----+--------+

Top non-repeatable levels by time:
     D:3: 772 daAuts
     D:1: 661 daAuts
     D:2: 514 daAuts
     D:4: 380 daAuts
